AoeStats
← Chaves

Arena

510433297Analyzed
4v4 RM · 3d ago on Oct 1, 2026· 46m 39s· 8 players
Game mode
Random Map
Map size
Large (8 player)
Population
200
Speed
Normal
Resources
Standard
Victory
Conquest
Starting age
Dark Age
Ending age
Imperial Age
RankedLock teamsTeams togetherTeam positionsShared explorationLock speedFull tech treeHidden civsTurbo modeCheats
Victory
Defeat
1207
+16
🇧🇷 Saracens · Brazil
1146
+18
🇧🇷 Hindustanis · Brazil
1100
+20
🇧🇷 Poles · Brazil
1003
+24
🇦🇺 Bohemians · Australia
1197
-20
🇧🇷 Japanese · Brazil
1197
-20
🇨🇱 Cumans · Chile
1193
-20
🇲🇽 Lithuanians · Mexico
1166
-18
Sebastián
10:29 Feudal Age
8:44 Loom
11:25 Feudal Age
9:41 Loom
12:14 Loom
15:36 Castle Age
15:42 Bloodlines
26:02 Redemption
27:53 Loom
30:39 Imperial Age
28:46 Wheelbarrow
28:13 Horse Collar
28:26 Gold Mining
28:29 Double-Bit Axe
30:13 Scale Mail Armor
30:23 Forging
30:18 Squires
30:04 Arson
29:40 Pikeman
31:42 Chain Mail Armor
31:25 Halberdier
33:33 Stone Mining
34:20 Iron Casting
33:52 Fletching
34:02 Padded Archer Armor
34:25 Ballistics
35:06 Chemistry
34:04 Elite Skirmisher
35:29 Bodkin Arrow
35:48 Fortified Wall
36:30 Leather Archer Armor
37:12 Stone Shaft Mining
39:09 Ring Archer Armor
38:44 Tower Shields
39:05 Conscription
44:54 Bow Saw
45:21 Hill Forts
Bread
10:34 Feudal Age
14:14 Castle Age
12:15 Double-Bit Axe
14:57 Wheelbarrow
15:30 Horse Collar
16:52 Loom
29:11 Chemistry
28:35 Fervor
31:09 Bow Saw
31:00 Heavy Plow
31:57 Town Watch
33:23 Ballistics
34:42 Hand Cart
35:01 Padded Archer Armor
38:36 Imperial Age
37:12 Squires
36:34 Pikeman
37:33 Leather Archer Armor
38:32 Wagenburg Tactics
40:34 Houfnice
43:42 Hussite Reforms
43:25 Halberdier
45:14 Forging
45:06 Scale Mail Armor
45:17 Siege Engineers
45:54 Conscription
46:55 Iron Casting
Chaves
2:42 Loom
10:53 Feudal Age
11:36 Double-Bit Axe
11:34 Horse Collar
17:25 Castle Age
15:53 Stone Mining
16:19 Town Watch
18:41 Gold Mining
19:05 Forging
19:25 Scale Mail Armor
20:35 Iron Casting
35:39 Imperial Age
33:23 Fletching
34:28 Padded Archer Armor
34:24 Bodkin Arrow
33:51 Elite Skirmisher
36:13 Leather Archer Armor
SAIBOT
8:44 Feudal Age
9:32 Double-Bit Axe
9:52 Horse Collar
21:05 Castle Age
19:51 Wheelbarrow
20:10 Stone Mining
20:10 Gold Mining
20:14 Loom
21:46 Scale Barding Armor
21:52 Forging
22:05 Bow Saw
21:56 Heavy Plow
23:09 Hand Cart
25:42 Bloodlines
25:40 Fletching
32:22 Imperial Age
30:44 Chain Barding Armor
32:13 Iron Casting
32:05 Capped Ram
33:39 Gold Shaft Mining
34:06 Two-Man Saw
33:36 Crop Rotation
32:36 Cavalier
34:23 Plate Barding Armor
35:36 Blast Furnace
34:24 Siege Ram
35:23 Paladin
38:04 Light Cavalry
41:03 Bodkin Arrow
41:09 Padded Archer Armor
43:25 Murder Holes
43:51 Ballistics
44:32 Man-at-Arms
45:12 Squires
44:58 Arson
45:25 Pikeman
Failord
10:19 Feudal Age
14:24 Castle Age
12:23 Double-Bit Axe
12:54 Horse Collar
19:10 Bow Saw
20:16 Fervor
22:49 Wheelbarrow
22:02 Loom
24:02 Gold Mining
24:02 Stone Mining
27:18 Imperial Age
25:45 Hand Cart
25:27 Town Watch
26:53 Padded Archer Armor
26:45 Fletching
26:59 Heavy Plow
27:37 Gold Shaft Mining
27:38 Stone Shaft Mining
29:02 Chemistry
29:07 Two-Man Saw
28:45 Conscription
30:09 Leather Archer Armor
30:41 Coinage
30:27 Fortified Wall
30:38 Ballistics
30:29 Masonry
30:31 Shatagni
33:55 Banking
34:50 Grand Trunk Road
35:27 Hoardings
37:18 Ring Archer Armor
36:44 Bodkin Arrow
42:59 Murder Holes
43:10 Siege Engineers
43:08 Bracer
Joooooooooooe
12:03 Feudal Age
16:13 Castle Age
14:46 Double-Bit Axe
15:23 Horse Collar
17:58 Bow Saw
18:33 Heavy Plow
21:30 Loom
22:27 Wheelbarrow
28:55 Imperial Age
26:16 Town Watch
26:54 Szlachta Privileges
27:07 Bloodlines
29:12 Forging
29:08 Scale Barding Armor
30:16 Conscription
29:58 Cavalier
30:39 Husbandry
31:00 Gold Mining
31:03 Stone Mining
32:00 Iron Casting
32:17 Chain Barding Armor
41:08 Blast Furnace
41:42 Lechitic Legacy
40:45 Light Cavalry
Jennifer Lawrence das Arabias
10:34 Feudal Age
14:29 Castle Age
13:16 Double-Bit Axe
13:45 Horse Collar
15:58 Scale Mail Armor
17:21 Loom
25:40 Forging
27:08 Wheelbarrow
27:39 Pikeman
31:13 Hand Cart
32:01 Squires
36:48 Imperial Age
34:34 Heavy Plow
36:56 Chain Mail Armor
37:16 Iron Casting
36:49 Halberdier
38:04 Conscription
39:52 Blast Furnace
39:20 Capped Ram
41:54 Man-at-Arms
Jorge P.
10:34 Feudal Age
10:00 Loom
14:05 Castle Age
12:45 Double-Bit Axe
15:29 Horse Collar
19:49 Stone Mining
21:51 Wheelbarrow
29:01 Imperial Age
26:49 Fletching
34:59 Conscription
39:27 Heavy Plow
41:10 Bow Saw
41:12 Gold Mining
42:13 Hand Cart
42:18 Bloodlines
42:09 Husbandry
42:18 Scale Barding Armor
42:24 Forging
43:24 Chain Barding Armor
42:33 Elite Mameluke
44:32 Light Cavalry
Connection lost

Rejoining the realm…

Still unreachable

The connection could not be restored.

Session expired

The server has moved on; the page needs a fresh start.